%YAML 1.1
%TAG !u! tag:unity3d.com,2011:
--- !u!1 &8536930024072664829
GameObject:
  m_ObjectHideFlags: 0
  m_CorrespondingSourceObject: {fileID: 0}
  m_PrefabInstance: {fileID: 0}
  m_PrefabAsset: {fileID: 0}
  serializedVersion: 6
  m_Component:
  - component: {fileID: 1655599271511060803}
  - component: {fileID: 3408317891350030608}
  - component: {fileID: 3830936486087686262}
  - component: {fileID: 8218787669382755061}
  m_Layer: 0
  m_Name: TreeOfLife
  m_TagString: Tree
  m_Icon: {fileID: 0}
  m_NavMeshLayer: 0
  m_StaticEditorFlags: 0
  m_IsActive: 1
--- !u!4 &1655599271511060803
Transform:
  m_ObjectHideFlags: 0
  m_CorrespondingSourceObject: {fileID: 0}
  m_PrefabInstance: {fileID: 0}
  m_PrefabAsset: {fileID: 0}
  m_GameObject: {fileID: 8536930024072664829}
  m_LocalRotation: {x: 0, y: 0, z: 0, w: 1}
  m_LocalPosition: {x: 16.998615, y: -1.8525314, z: -9.738817}
  m_LocalScale: {x: 0.5, y: 0.5, z: 0.5}
  m_Children:
  - {fileID: 3338425310439639264}
  m_Father: {fileID: 0}
  m_RootOrder: 0
  m_LocalEulerAnglesHint: {x: 0, y: 0, z: 0}
--- !u!208 &3408317891350030608
NavMeshObstacle:
  m_ObjectHideFlags: 0
  m_CorrespondingSourceObject: {fileID: 0}
  m_PrefabInstance: {fileID: 0}
  m_PrefabAsset: {fileID: 0}
  m_GameObject: {fileID: 8536930024072664829}
  m_Enabled: 1
  serializedVersion: 3
  m_Shape: 0
  m_Extents: {x: 3, y: 12.66, z: 3}
  m_MoveThreshold: 0.1
  m_Carve: 1
  m_CarveOnlyStationary: 1
  m_Center: {x: 0, y: 5.43, z: 0}
  m_TimeToStationary: 0.5
--- !u!114 &3830936486087686262
MonoBehaviour:
  m_ObjectHideFlags: 0
  m_CorrespondingSourceObject: {fileID: 0}
  m_PrefabInstance: {fileID: 0}
  m_PrefabAsset: {fileID: 0}
  m_GameObject: {fileID: 8536930024072664829}
  m_Enabled: 1
  m_EditorHideFlags: 0
  m_Script: {fileID: 11500000, guid: 3254df49c6a944446a653a6d9b13b8a6, type: 3}
  m_Name: 
  m_EditorClassIdentifier: 
  hp: 5000
  rotateSpeed: 0.2
  navMeshObstacle: {fileID: 3408317891350030608}
  theTreeHp:
    m_PersistentCalls:
      m_Calls:
      - m_Target: {fileID: 0}
        m_MethodName: set_value
        m_Mode: 0
        m_Arguments:
          m_ObjectArgument: {fileID: 0}
          m_ObjectArgumentAssemblyTypeName: UnityEngine.Object, UnityEngine
          m_IntArgument: 0
          m_FloatArgument: 0
          m_StringArgument: 
          m_BoolArgument: 0
        m_CallState: 2
--- !u!54 &8218787669382755061
Rigidbody:
  m_ObjectHideFlags: 0
  m_CorrespondingSourceObject: {fileID: 0}
  m_PrefabInstance: {fileID: 0}
  m_PrefabAsset: {fileID: 0}
  m_GameObject: {fileID: 8536930024072664829}
  serializedVersion: 2
  m_Mass: 1
  m_Drag: 0
  m_AngularDrag: 0.05
  m_UseGravity: 0
  m_IsKinematic: 1
  m_Interpolate: 0
  m_Constraints: 0
  m_CollisionDetection: 0
--- !u!1001 &3338425310439510630
PrefabInstance:
  m_ObjectHideFlags: 0
  serializedVersion: 2
  m_Modification:
    m_TransformParent: {fileID: 1655599271511060803}
    m_Modifications:
    - target: {fileID: 100006, guid: 581698b96e6438c42832937fad6f7afc, type: 3}
      propertyPath: m_Name
      value: Flying_Tree
      objectReference: {fileID: 0}
    - target: {fileID: 400006, guid: 581698b96e6438c42832937fad6f7afc, type: 3}
      propertyPath: m_RootOrder
      value: 0
      objectReference: {fileID: 0}
    - target: {fileID: 400006, guid: 581698b96e6438c42832937fad6f7afc, type: 3}
      propertyPath: m_LocalScale.x
      value: 0.2
      objectReference: {fileID: 0}
    - target: {fileID: 400006, guid: 581698b96e6438c42832937fad6f7afc, type: 3}
      propertyPath: m_LocalScale.y
      value: 0.2
      objectReference: {fileID: 0}
    - target: {fileID: 400006, guid: 581698b96e6438c42832937fad6f7afc, type: 3}
      propertyPath: m_LocalScale.z
      value: 0.2
      objectReference: {fileID: 0}
    - target: {fileID: 400006, guid: 581698b96e6438c42832937fad6f7afc, type: 3}
      propertyPath: m_LocalPosition.x
      value: 0
      objectReference: {fileID: 0}
    - target: {fileID: 400006, guid: 581698b96e6438c42832937fad6f7afc, type: 3}
      propertyPath: m_LocalPosition.y
      value: -4.35
      objectReference: {fileID: 0}
    - target: {fileID: 400006, guid: 581698b96e6438c42832937fad6f7afc, type: 3}
      propertyPath: m_LocalPosition.z
      value: 0
      objectReference: {fileID: 0}
    - target: {fileID: 400006, guid: 581698b96e6438c42832937fad6f7afc, type: 3}
      propertyPath: m_LocalRotation.w
      value: 1
      objectReference: {fileID: 0}
    - target: {fileID: 400006, guid: 581698b96e6438c42832937fad6f7afc, type: 3}
      propertyPath: m_LocalRotation.x
      value: 0
      objectReference: {fileID: 0}
    - target: {fileID: 400006, guid: 581698b96e6438c42832937fad6f7afc, type: 3}
      propertyPath: m_LocalRotation.y
      value: 0
      objectReference: {fileID: 0}
    - target: {fileID: 400006, guid: 581698b96e6438c42832937fad6f7afc, type: 3}
      propertyPath: m_LocalRotation.z
      value: 0
      objectReference: {fileID: 0}
    - target: {fileID: 400006, guid: 581698b96e6438c42832937fad6f7afc, type: 3}
      propertyPath: m_LocalEulerAnglesHint.x
      value: 0
      objectReference: {fileID: 0}
    - target: {fileID: 400006, guid: 581698b96e6438c42832937fad6f7afc, type: 3}
      propertyPath: m_LocalEulerAnglesHint.y
      value: 0
      objectReference: {fileID: 0}
    - target: {fileID: 400006, guid: 581698b96e6438c42832937fad6f7afc, type: 3}
      propertyPath: m_LocalEulerAnglesHint.z
      value: 0
      objectReference: {fileID: 0}
    m_RemovedComponents: []
  m_SourcePrefab: {fileID: 100100000, guid: 581698b96e6438c42832937fad6f7afc, type: 3}
--- !u!4 &3338425310439639264 stripped
Transform:
  m_CorrespondingSourceObject: {fileID: 400006, guid: 581698b96e6438c42832937fad6f7afc,
    type: 3}
  m_PrefabInstance: {fileID: 3338425310439510630}
  m_PrefabAsset: {fileID: 0}
